 Dungeon Crawl Stone Soup version 0.29-a0-813-g4a14ea37d6 (webtiles) character file.

Game seed: 9613833700808429168

192 dolemite99 the Chopper (level 5, -48/45 HPs)
             Began as a Minotaur Fighter on July 5, 2022.
             Was an Initiate of Okawaru.
             Blown up by a lich (66 damage)
             ... with an orb of destruction
             ... on level 1 of the Abyss.
             The game lasted 00:02:52 (2824 turns).

dolemite99 the Chopper (Minotaur Fighter)           Turns: 2824, Time: 00:02:52

Health: -48/45     AC: 11    Str: 22    XL:     5   Next: 42%
Magic:  4/4        EV:  7    Int:  5    God:    Okawaru [......]
Gold:   208        SH:  0    Dex: 10    Spells: 4/4 levels left

rFire   . . .      SeeInvis .   a - +0 war axe
rCold   . . .      Faith    .   c - +0 buckler
rNeg    + . .      Spirit   .   m - +0 storm dragon scales
rPois   .          Reflect  .   (helmet restricted)
rElec   +          Harm     .   (no cloak)
rCorr   .          Rampage  .   (no gloves)
Will    .....                   (no boots)
Stlth   ..........              (no amulet)
HPRegen 0.15/turn               j - ring of positive energy
MPRegen 0.09/turn               (no ring)

@: confused, brilliant, silenced (expiring), ambrosia-drunk, invisible, very
slow
A: horns 2, retaliatory headbutt
a: Renounce Religion


You were on level 1 of the Abyss.
You worshipped Okawaru.
Okawaru was noncommittal.
You visited 1 branch of the dungeon, and saw 4 of its levels.
You visited the Abyss 1 time.

You collected 208 gold pieces.

Inventory:

Hand Weapons
 a - a +0 war axe (weapon)
Armour
 b - a +0 scale mail
 c - a +0 buckler (worn)
 m - +0 storm dragon scales (worn)
 p - a +0 plate armour
Jewellery
 j - a ring of positive energy (left hand)
Wands
 d - a wand of light (11)
Scrolls
 e - 4 scrolls of identify {unknown}
 i - 2 scrolls of silence
 o - a scroll of teleportation {unknown}
Potions
 h - a potion of heal wounds {unknown}
 l - a potion of curing {unknown}
 q - a potion of might


   Skills:
 - Level 3.6 Fighting
 + Level 6.9 Axes
 - Level 3.6 Armour
 - Level 3.6 Shields


You had 4 spell levels left.
You didn't know any spells.
Your spell library contained the following spells:

 Spells                   Type           Power      Damage    Failure   Level
 Necrotise                Necr           0%         1d4       99%         1
 Sting                    Tmut/Pois      0%         1d3       99%         1
 Poisonous Vapours        Pois/Air       0%         N/A       100%        2
 Vampiric Draining        Necr           0%         2d6       100%        3
 Corpse Rot               Necr/Pois/Air  0%         N/A       100%        4
 Dispel Undead            Necr           0%         3d6       100%        4
 Olgreb's Toxic Radiance  Pois           0%         N/A       100%        4
 Agony                    Necr           0%         N/A       100%        5
 Death Channel            Necr           Unusable   N/A       N/A         6

Dungeon Overview and Level Annotations

Branches:
Dungeon (4/15)
 Temple: D:4-7

Altars:
Kikubaaqudgha
Makhleb
Okawaru
Ru
Vehumet


Innate Abilities, Weirdness & Mutations

You have a pair of horns on your head.
You reflexively headbutt those who attack you in melee.


Message History

You slash the orc!
The orc is almost dead.
The orc hits you with a +1 mace of distortion.
* * * LOW HITPOINT WARNING * * *
You are cast into the Abyss!
This branch contains the abyssal rune of Zot.
You start resting.
A lich comes into view.
A lich is nearby!
A lich is nearby!
The lich shouts!
Okay, then.
As you read the scroll labelled JOGAGUR JUIX, it crumbles to dust.
A profound silence engulfs you.
It was a scroll of silence.
The lich gestures wildly while chanting.
The lich flickers and vanishes!
Deactivating autopickup; reactivate with Ctrl-A.
A raiju comes into view.
Found a gateway leading deeper into the Abyss.
A starcursed mass comes into view.
A starcursed mass splits.
It was a potion of brilliance.
You feel clever all of a sudden.
It was a potion of invisibility.
You fade into invisibility!
You enter the shallow water.
Moving in this stuff is going to be slow. ...and don't expect to remain undetected.
A starcursed mass splits.
The wraith hits you.
An orb of destruction comes into view.
It was a potion of ambrosia.
You are confused.
You feel invigorated. A chorus of shrieks assaults your mind.
The wraith barely misses you.
You nearly stumble into some deep water!
A raiju comes into view.
The orb of destruction hits you!!!
Ouch! That really hurt!
You die...

≈≈≈≈ ≈≈ ..#.##L# #
..≈≈≈≈≈≈.....##.#
##§...
.≈≈≈≈≈≈≈......#....W.
. .≈.≈≈≈≈≈...#####..
#. ..≈≈≈≈≈≈{......'..
+ ..≈≈≈≈≈○.......#...
...≈≈≈≈○..#.#.h....#
....≈≈≈☼W..........#
....≈≈≈@.h...... ..#
≈≈...≈≈≈....#......
.≈..≈≈≈≈.........
..≈≈≈≈≈≈≈≈≈≈≈≈≈##
..≈≈≈≈≈≈≈≈≈≈X≈≈.
.≈.≈≈≈≈≈≈X≈X≈≈≈.
≈≈.>≈≈≈≈≈≈≈≈≈≈≈.
..≈≈.≈#≈≈≈≈≈≈≈≈.


You could see 3 starcursed masses, 2 raiju and a wraith.

Vanquished Creatures
  An orc priest (D:3)
  An orc wizard (D:3)
  6 adders (D:2)
  A worm (D:4)
  4 orcs (D:3)
  7 bats
  6 endoplasms
  5 giant cockroaches
  9 goblins
  4 hobgoblins
  3 jackals (D:1)
  7 kobolds
  4 quokkas
  6 ball pythons
  5 frilled lizards
  7 rats
76 creatures vanquished.

Notes
Turn   | Place    | Note
-------+----------+-------------------------------------------
     0 | D:1      | dolemite99 the Minotaur Fighter began the quest for the
                  | Orb.
     0 | D:1      | Reached XP level 1. HP: 19/19 MP: 0/0
    90 | D:1      | Reached skill level 3 in Axes
    96 | D:1      | Reached XP level 2. HP: 17/25 MP: 1/1
   308 | D:1      | Reached skill level 4 in Axes
   538 | D:1      | Reached XP level 3. HP: 31/31 MP: 2/2
   845 | D:2      | Reached skill level 5 in Axes
  1046 | D:2      | Reached XP level 4. HP: 35/39 MP: 3/3
  1485 | D:2      | Identified the +2 leather armour of the Desert {Str+2}
  1586 | D:2      | Reached skill level 6 in Axes
  1856 | D:3      | Reached XP level 5. HP: 26/45 MP: 4/4
  1984 | D:3      | Found an iron altar of Okawaru.
  1984 | D:3      | Found an ancient bone altar of Kikubaaqudgha.
  1987 | D:3      | Found a radiant altar of Vehumet.
  1990 | D:3      | Found a sacrificial altar of Ru.
  1990 | D:3      | Found a burning altar of Makhleb.
  2002 | D:3      | Became a worshipper of Warmaster Okawaru
  2319 | D:3      | Found a faded altar of an unknown god.
  2753 | Abyss:1  | Cast into level 1 of the Abyss (orc)
  2794 | Abyss:1  | Noticed a lich
  2796 | Abyss:1  | Noticed a wraith
  2816 | Abyss:1  | Noticed a raiju
  2819 | Abyss:1  | Noticed a starcursed mass
  2824 | Abyss:1  | Noticed a raiju
  2824 | Abyss:1  | Blown up by a lich

Illustrated notes

Levels and vault maps discovered:
D:1:      heliophobic_arrival_battle_scene, layout_rooms
D:2:      layout_rooms, serial_forest, infiniplex_forest_end_2,
          infiniplex_forest_pool, infiniplex_forest_zigzag_1,
          infiniplex_forest_straight_4, minmay_pentomino_o4
D:3:      layout_basic, grunt_temple_overflow_open,
          ebering_ecumenical_altar_webs
D:4:      layout_loops_ring, nicolae_qazlal_eye_of_the_storm,
          nicolae_overflow_crystal_walls, serial_shops,
          nicolae_shop_bloodbath_and_beyond, minmay_snake_closets, uniq_menkaure
Abyss:1:  base:
Temple

Skill      XL: |  1  2  3  4 |
---------------+-------------+-----
Axes           | 3 4 5 6 |  6.9
Fighting       | |  3.6
Armour         | |  3.6
Shields        | |  3.6

Action                   |  1- 3 |  4- 6 || total
-------------------------+-------+-------++-------
Melee: War axe           |    86 |    62 ||   148
       Headbutt          |    12 |     6 ||    18
Throw: Dart              |    12 |    25 ||    37
  Use: Potion            |       |     4 ||     4
       Scroll            |       |     1 ||     1
Armor: Scale mail        |    49 |     8 ||    57
       Storm dragon scal |       |    35 ||    35
Dodge: Dodged            |    43 |    39 ||    82
Block: Buckler           |    32 |    11 ||    43

Table legend: (Time is in decaauts)
 A = Elapsed time spent in this place.
 B = Non-inter-level travel time spent in this place.
 C = Inter-level travel time spent in this place.
 D = Time resting spent in this place.
 E = Time spent auto-exploring this place.
 F = Levels seen in this place.
 G = Mean time per level.
                   A        B        C        D        E       F      G
               +--------+--------+--------+--------+--------+-----+--------+
         Total |   2868 |   2809 |     59 |    397 |   1787 |   5 |  573.6 |
       Dungeon |   2797 |   2738 |     59 |    356 |   1787 |   4 |  699.2 |
         Abyss |     70 |     70 |      0 |     41 |      0 |   1 |   70.0 |
               +--------+--------+--------+--------+--------+-----+--------+

Top non-repeatable levels by time:
     D:2: 1042 daAuts
     D:3: 1017 daAuts
     D:1: 719 daAuts
 Abyss:1: 70 daAuts
     D:4: 17 daAuts
